 Dungeon Crawl Stone Soup version 0.28-a0-1087-gf3fc490d9d (webtiles) character file.

Game seed: 11419330584531514497

9722 yoda5477 the Cleaver (level 11, 0/84 HPs)
             Began as a Demonspawn Fighter on Dec 10, 2021.
             Was a Follower of Wu Jian.
             Killed by refrigeration
             ... invoked by Fannar
              (19 damage)
             ... on level 10 of the Dungeon.
             The game lasted 01:15:33 (14685 turns).

yoda5477 the Cleaver (Demonspawn Fighter)          Turns: 14685, Time: 01:15:35

Health: 0/84       AC: 16    Str: 24    XL:     11   Next: 26%
Magic:  0/15       EV: 13    Int: 14    God:    Wu Jian [*.....]
Gold:   446        SH:  0    Dex: 17    Spells: 13/15 levels left

rFire   . . .      SeeInvis .   n - +4 mace "Zyam" {vorpal, Str+4 Int+5 Dex+3}
rCold   . . .      Faith    .   (no shield)
rNeg    + . .      Spirit   +   G - +0 troll leather armour
rPois   .          Reflect  .   j - +1 helmet
rElec   .          Harm     .   (no cloak)
rCorr   .          Rampage  .   J - +2 pair of gloves
Will    .....                   u - +1 pair of boots
Stlth   +++.......              x - amulet of guardian spirit
HPRegen 1.04/turn               M - ring of positive energy
MPRegen 0.14/turn               (no ring)

@: no status effects
A: slimy green scales 2, spiny 2, demonic touch 1
a: Renounce Religion


You were on level 10 of the Dungeon.
You worshipped Wu Jian.
Wu Jian was aware of your devotion.
You visited 3 branches of the dungeon, and saw 14 of its levels.

You collected 446 gold pieces.

Inventory:

Hand Weapons
 a - a +0 war axe
 e - a +1 spear of flaming
 h - a +4 short sword of freezing
 k - the +1 rapier of Okawaru's Envy {vamp, Int+4}
   (You found it on level 5 of the Dungeon)

   It occasionally heals its wielder for a portion of the damage dealt when it
   wounds a living foe.
   Int:       It affects your intelligence (+4).
 n - the +4 mace "Zyam" (weapon) {vorpal, Str+4 Int+5 Dex+3}
   (You found it on level 7 of the Dungeon)

   It inflicts extra damage upon your enemies.
   Str:       It affects your strength (+4).
   Int:       It affects your intelligence (+5).
   Dex:       It affects your dexterity (+3).
 y - a +2 dagger of venom
 F - a +5 falchion
Missiles
 l - 186 stones
 m - 6 boomerangs
 p - 98 arrows
 q - a curare-tipped dart
 t - 15 poisoned darts (quivered)
 D - 44 bolts
 E - a throwing net
 K - 13 sling bullets
Armour
 c - a +0 buckler
 f - the +0 leather armour "Edarruh" {Will+}
   (You found it on level 9 of the Dungeon)

   Will:      It increases your willpower.
 i - a +0 chain mail
 j - a +1 helmet (worn)
 u - a +1 pair of boots (worn)
 C - a +0 plate armour
 G - a +0 troll leather armour (worn)
 J - a +2 pair of gloves (worn)
Jewellery
 x - an amulet of guardian spirit (around neck)
 M - a ring of positive energy (left hand)
Wands
 s - a wand of digging (7)
 B - a wand of acid (11)
 I - a wand of flame (18)
Scrolls
 d - a scroll of teleportation
 g - 4 scrolls of identify
 w - a scroll of magic mapping
 z - a scroll of blinking
 A - a scroll of amnesia
Potions
 b - a potion of curing
 o - 4 potions of flight
 r - 2 potions of brilliance
 v - 2 potions of heal wounds
 H - a potion of resistance {unknown}
 L - a potion of might


   Skills:
 + Level 7.4 Fighting
 * Level 10.6 Axes
 + Level 7.4 Armour
 - Level 4.0 Dodging
 - Level 4.0 Stealth
 - Level 2.6 Shields
 - Level 4.0 Unarmed Combat
 + Level 2.8 Spellcasting
 - Level 0.4 Hexes
 + Level 2.7 Transmutations


You had 13 spell levels left.
You knew the following spells:

 Your Spells              Type           Power      Damage    Failure   Level
a - Wereblood             Tmut           9%         N/A       12%         2

Your spell library contained the following spells:

 Spells                   Type           Power      Damage    Failure   Level
 Beastly Appendage        Tmut           18%        N/A       8%          1
 Spider Form              Tmut/Pois      5%         N/A       38%         3
 Ignite Poison            Fire/Tmut/Pois 4%         N/A       45%         3
 Conjure Flame            Conj/Fire      2%         6-21      58%         3
 Frozen Ramparts          Ice            4%         1d2       58%         3
 Mephitic Cloud           Conj/Pois/Air  2%         N/A       58%         3
 Ice Form                 Ice/Tmut       5%         N/A       80%         4
 Leda's Liquefaction      Hex/Erth       1%         N/A       91%         4
 Sticky Flame             Conj/Fire      2%         2d3       94%         4
 Summon Ice Beast         Ice/Summ       2%         N/A       94%         4
 Freezing Cloud           Conj/Ice/Air   1%         6-21      100%        5
 Lee's Rapid Deconstruct  Erth           1%         3d5*      100%        5
 Statue Form              Tmut/Erth      3%         N/A       100%        6


Dungeon Overview and Level Annotations

Branches:
Dungeon (12/15)            Temple (1/1) D:4            Lair (1/6) D:8
    Orc: D:9-12

Altars:
Ashenzari
Cheibriados
Dithmenos
Elyvilon
Fedhas
Gozag
Hepliaklqana
Kikubaaqudgha
Makhleb
Nemelex Xobeh
Okawaru
Qazlal
Ru
Sif Muna
Trog
Uskayaw
Vehumet
Wu Jian
Xom
Yredelemnul
Zin
The Shining One

Annotations:
D:9 exclusion: downstairs
D:10 1 runed translucent door, DEFE's ghost, journeyman TrFi; Fannar


Innate Abilities, Weirdness & Mutations

You are mostly covered in slimy green scales. (AC +3)
You are mostly covered in sharp spines.
Your touch may inflict minor irresistible damage on your foes.


Message History

Fannar hits you but does no damage. Fannar freezes you! The ice beast hits you.
The ice beast freezes you!
You sock Fannar! Your touch misses Fannar.
Fannar is heavily wounded.
Fannar closely misses you.
You closely miss Fannar.
Fannar is heavily wounded.
Fannar completely misses you.
The ice beast hits you but does no damage.
The ice beast closely misses you.
You hit Fannar.
Fannar is heavily wounded.
Fannar hits you but does no damage. The ice beast is struck by your spines.
The ice beast misses you. The ice beast barely misses you.
Fannar hits you but does no damage. Fannar freezes you!
You miss Fannar.
Fannar is heavily wounded.
The ice beast is struck by your spines. The ice beast barely misses you.
The ice beast is struck by your spines. The ice beast barely misses you.
Fannar is struck by your spines. Fannar hits you but does no damage.
Fannar freezes you!
You hit Fannar but do no damage.
You touch Fannar.
Fannar is severely wounded.
The ice beast closely misses you.
The ice beast hits you but does no damage.
Fannar points at you and mumbles some strange words.
The bolt of cold misses you.
You completely miss Fannar. Your touch misses Fannar.
Fannar is severely wounded.
The ice beast hits you. The ice beast freezes you! The ice beast misses you.
Fannar is struck by your spines. Fannar hits you with a staff of cold.
Fannar freezes you!
* * * LOW HITPOINT WARNING * * *
You sock Fannar!
Fannar is almost dead.
The ice beast hits you but does no damage.
The ice beast is struck by your spines. The ice beast closely misses you.
Fannar mumbles some strange words.
Fannar drains the heat from the surrounding environment!
You die...

##..............
###...............
#................. ##
#.####..........##
#.##...####......####
##..#.....####..####..
###...........######....
#.....YY......# ####....
##.[..e@....####..####..
##.......####......####
##..#..####..........##
##......................
#..................#....
##....#..............##.
#....#.......###....###
#.......##+### #......#
##......#W≈.####....e..


You could see Fannar and 2 ice beasts.

Vanquished Creatures
  2 two-headed ogres
  A centaur warrior (D:10)
  A komodo dragon (D:8)
  A troll (D:9)
  5 slime creatures (D:9)
  9 yaks
  2 wraiths
  2 wyverns (D:7)
  A steam dragon (D:7)
  Eustachio (D:5)
  3 water moccasins (D:8)
  2 sky beasts (D:6)
  6 black bears
  A necrophage (D:5)
  3 ogres
  An orc warrior (D:8)
  2 centaurs
  A kobold brigand (D:8)
  3 bullfrogs (D:8)
  A wyvern zombie (D:8)
  2 gnoll sergeants
  3 scorpions
  A wyvern skeleton (D:6)
  A water moccasin skeleton (D:4)
  11 wights
  14 killer bees
  A bullfrog zombie (D:7)
  3 centaur zombies
  A gnoll shaman (D:9)
  2 hounds
  2 orc priests
  Terence (D:2)
  3 iguanas
  2 orc wizards
  2 howler monkey zombies
  4 adders
  13 gnolls
  A shadow imp (D:8)
  A worm (D:2)
  4 dart slugs
  13 orcs
  6 endoplasms
  4 giant cockroaches
  4 goblins (D:1)
  7 hobgoblins
  10 jackals
  2 quokkas
  5 ball pythons
  2 bats (D:2)
  A frilled lizard (D:2)
  5 kobolds
  7 rats
186 creatures vanquished.

Vanquished Creatures (others)
  44 fungi (D:8)
  48 plants (D:8)
92 creatures vanquished.

Grand Total: 278 creatures vanquished

Notes
Turn   | Place    | Note
-------+----------+-------------------------------------------
     0 | D:1      | yoda5477 the Demonspawn Fighter began the quest for the
                  | Orb.
     0 | D:1      | Reached XP level 1. HP: 18/18 MP: 1/1
   459 | D:1      | Gained mutation: You are partially covered in slimy green
                  | scales. (AC +2) [demonic ancestry]
   459 | D:1      | Reached XP level 2. HP: 22/24 MP: 2/2
   688 | D:1      | Found a faded altar of an unknown god.
   786 | D:2      | Reached skill level 2 in Axes
   786 | D:2      | Reached skill level 1 in Stealth
   794 | D:2      | Gained mutation: You are mostly covered in slimy green
                  | scales. (AC +3) [demonic ancestry]
   794 | D:2      | Reached XP level 3. HP: 29/29 MP: 3/3
  1007 | D:2      | Noticed Terence
  1015 | D:2      | Killed Terence
  1016 | D:2      | Reached XP level 4. HP: 29/35 MP: 4/4
  1597 | D:4      | Noticed a scorpion
  1762 | D:4      | Reached skill level 3 in Axes
  1762 | D:4      | Reached skill level 1 in Dodging
  1762 | D:4      | Reached XP level 5. HP: 32/41 MP: 5/5
  2429 | D:4      | Found a staircase to the Ecumenical Temple.
  2468 | D:4      | Noticed a black bear
  2486 | D:4      | Killed a black bear
  2487 | D:4      | Reached XP level 6. HP: 47/47 MP: 6/6
  2504 | Temple   | Entered the Ecumenical Temple
  2545 | Temple   | Became a worshipper of the Wu Jian Council
  2784 | D:4      | Found a sparkling altar of Nemelex Xobeh.
  2932 | D:4      | Reached skill level 4 in Axes
  3549 | D:5      | Entered Level 5 of the Dungeon
  4117 | D:4      | Gained mutation: Your touch may inflict minor irresistible
                  | damage on your foes. [demonic ancestry]
  4117 | D:4      | Reached XP level 7. HP: 52/52 MP: 7/7
  4294 | D:5      | Identified the +1 rapier of Okawaru's Envy {vamp, Int+4}
  4495 | D:5      | Reached skill level 5 in Axes
  5210 | D:6      | Noticed Eustachio
  5368 | D:5      | Killed Eustachio
  5418 | D:6      | Reached skill level 6 in Axes
  5418 | D:6      | Reached XP level 8. HP: 35/58 MP: 8/8
  5710 | D:6      | Reached skill level 1 in Unarmed Combat
  6969 | D:6      | Found an opulent altar of Gozag.
  7502 | D:6      | Found a basalt altar of Yredelemnul.
  7721 | D:6      | Reached skill level 7 in Axes
  8688 | D:6      | Gained mutation: You are partially covered in sharp spines.
                  | [demonic ancestry]
  8688 | D:6      | Reached XP level 9. HP: 61/62 MP: 9/9
  9131 | D:7      | Found an ancient bone altar of Kikubaaqudgha.
  9138 | D:7      | Identified the +4 mace "Zyam" {vorpal, Str+4 Int+5 Dex+3}
  9254 | D:7      | Reached skill level 5 in Armour
  9893 | D:8      | Reached skill level 5 in Fighting
  9953 | D:8      | Reached skill level 8 in Axes
 10899 | D:8      | Noticed a two-headed ogre
 11334 | D:8      | Reached XP level 10. HP: 46/76 MP: 10/10
 11528 | D:8      | Found a staircase to the Lair.
 11554 | D:8      | Reached skill level 9 in Axes
 11625 | D:8      | Reached skill level 1 in Spellcasting
 12389 | D:8      | Killed a two-headed ogre
 12557 | D:8      | Learned a level 2 spell: Wereblood
 12738 | Lair:1   | Entered Level 1 of the Lair of Beasts
 12786 | D:10     | Entered Level 10 of the Dungeon
 12812 | D:9      | Reached * piety under Wu Jian
 12820 | D:9      | Reached skill level 1 in Transmutations
 13205 | D:10     | Noticed Fannar
 13259 | D:9      | Reached skill level 10 in Axes
 13785 | D:9      | Gained mutation: You are mostly covered in sharp spines.
                  | [demonic ancestry]
 13785 | D:9      | Reached XP level 11. HP: 84/84 MP: 14/14
 13926 | D:9      | Identified the +0 leather armour "Edarruh" {Will+}
 14013 | D:10     | Noticed a centaur warrior
 14027 | D:10     | Killed a centaur warrior
 14072 | D:10     | Found a runed translucent door.
 14072 | D:10     | Noticed DEFE's ghost (journeyman TrFi)
 14381 | D:10     | Noticed a two-headed ogre
 14392 | D:10     | Killed a two-headed ogre
 14685 | D:10     | Killed from afar by Fannar

Illustrated notes

Levels and vault maps discovered:
D:1:      minmay_arrival_solitary_statue, layout_rooms,
          shapermc_ecumenical_altar_mp_ritualfount, amcnicky_mini_pool_small
D:2:      layout_rooms, uniq_terence
D:3:      layout_basic, serial_bayou, serial_bayou_pond_b,
          serial_bayou_crossing, serial_bayou_pond_d, serial_bayou_shore_b,
          hangedman_decor_clover_reticule, columned_hall_lemuel,
          serial_park_tiny_1
D:4:      layout_cave_pools, nemelex_diamond_rough_becter, temple_statues
D:5:      layout_basic
D:6:      layout_loops_cross, mainiacjoe_overflow_swirl, uniq_eustachio
D:7:      layout_gridville, mainiacjoe_overflow_surrounded_room
D:8:      layout_basic, due_lair_maze_entry_diamond, st_stairs_9,
          minmay_misc_feat_columns
D:9:      layout_basic
D:10:     layout_cave_pools, ebering_ghost_reflecting_pool,
          minmay_misc_feat_square, minmay_misc_feat_x, uniq_fannar
D:11:     layout_roguey, uniq_harold
D:12:     layout_roguey, orc_0_dummy, enter_bailey_8,
          ploomutoo_gammafunk_ghost_potion_laboratory, kennysheep_generic_room_6
Temple:   dpeg_five_rooms_temple
Lair:1:   layout_cave_pods

Skill      XL: |  1  2  3  4  5  6  7  8  9 10 |
---------------+-------------------------------+-----
Armour         | 3 4 6 7 |  7.4
Axes           | 2 3 4 6 7 8 10 | 10.6
Stealth        | 1 2 3 4 |  4.0
Dodging        | 1 2 4 |  4.0
Unarmed Combat | 2 4 |  4.0
Fighting       | 4 5 7 |  7.4
Spellcasting   | 2 |  2.8
Transmutations | 2 |  2.7
Shields        | |  2.6
Hexes          | |  0.4

Action                   |  1- 3 |  4- 6 |  7- 9 | 10-12 || total
-------------------------+-------+-------+-------+-------++-------
Melee: War axe           |    24 |       |       |       ||    24
       Short sword       |    58 |   131 |       |     4 ||   193
       Dagger            |     6 |       |       |       ||     6
       Rapier            |       |       |   315 |    18 ||   333
       Touch             |       |       |    77 |    55 ||   132
       Punch             |       |       |     5 |     6 ||    11
       Mace              |       |       |       |   213 ||   213
Throw: Dart              |       |    11 |    60 |    43 ||   114
       Boomerang         |       |       |    14 |       ||    14
 Cast: Wereblood         |       |       |       |     2 ||     2
Invok: Lunge             |       |     9 |    28 |    22 ||    59
       Whirlwind         |       |       |       |    47 ||    47
  Use: Scroll            |       |     5 |    10 |     1 ||    16
       Potion            |       |     1 |     2 |       ||     3
 Stab: Sleeping          |       |       |       |     1 ||     1
Armor: Scale mail        |    19 |       |       |       ||    19
       Chain mail        |    38 |    68 |    10 |       ||   116
       Plate armour      |       |       |   276 |    98 ||   374
       Troll leather arm |       |       |       |    53 ||    53
Dodge: Dodged            |    27 |    29 |   118 |   148 ||   322
Block: Buckler           |    17 |    34 |       |       ||    51

Table legend: (Time is in decaauts)
 A = Elapsed time spent in this place.
 B = Non-inter-level travel time spent in this place.
 C = Inter-level travel time spent in this place.
 D = Time resting spent in this place.
 E = Time spent auto-exploring this place.
 F = Levels seen in this place.
 G = Mean time per level.
                   A        B        C        D        E       F      G
               +--------+--------+--------+--------+--------+-----+--------+
         Total |  14908 |  14464 |    444 |   5595 |   4048 |  14 | 1064.9 |
       Dungeon |  14646 |  14250 |    396 |   5595 |   3851 |  12 | 1220.5 |
        Temple |    260 |    212 |     48 |      0 |    197 |   1 |  260.0 |
          Lair |      1 |      1 |      0 |      0 |      0 |   1 |    1.0 |
               +--------+--------+--------+--------+--------+-----+--------+

Top non-repeatable levels by time:
     D:6: 3141 daAuts
     D:8: 2346 daAuts
     D:7: 2041 daAuts
     D:3: 1622 daAuts
     D:9: 1244 daAuts
     D:4: 1125 daAuts
     D:5: 1059 daAuts
     D:1: 776 daAuts
     D:2: 561 daAuts
    D:10: 494 daAuts
  Temple: 260 daAuts
    D:11: 232 daAuts
  Lair:1: 1 daAuts
    D:12: 1 daAuts
